 Dungeon Crawl Stone Soup version 0.17-a0-477-g451446c (webtiles) character file.

49 Radiman the Chopper (level 3, 0/31 HPs)
             Began as a Centaur Fighter on Apr 7, 2015.
             Slain by a gnoll
             ... wielding a +0 club
              (3 damage)
             ... on level 2 of the Dungeon.
             The game lasted 00:05:26 (1021 turns).

Radiman the Chopper (Centaur Fighter)               Turns: 1021, Time: 00:05:26

Health: 0/31       AC:  6    Str: 18    XL:     3   Next: 53%
Magic:  3/3        EV:  5    Int:  7    God:
Gold:   16         SH:  8    Dex:  9    Spells: 0 memorised, 2 levels left

rFire  . . .     SeeInvis .     a - +0 war axe
rCold  . . .     Clarity  .     b - +0 scale mail
rNeg   . . .     SustAb   .     c - +0 shield
rPois  .         Gourm    .     (no helmet)
rElec  .         Spirit   .     (no cloak)
rCorr  .         Warding  .     (no gloves)
rMut   .         Stasis   .     (no barding)
MR     +....                    (no amulet)
Stlth  ..........               (no ring)
                                n - ring of protection from magic

@: very quick, somewhat resistant to hostile enchantments, extremely unstealthy
A: hooves 3, deformed body, speed 2, tough skin 3
a: no special abilities


You were on level 2 of the Dungeon.
You were not hungry.

You visited 1 branch of the dungeon, and saw 2 of its levels.

You collected 16 gold pieces.

Inventory:

Hand weapons
 a - a +0 war axe (weapon)
Missiles
 f - 12 poisoned needles
 k - 6 needles of slowing
Armour
 b - a +0 scale mail (worn)
 c - a +0 shield (worn)
Jewellery
 n - a ring of protection from magic (left hand)
Scrolls
 g - a scroll of remove curse {unknown}
 j - a scroll of teleportation {unknown}
 l - 2 scrolls of magic mapping {unknown}
 m - a scroll of random uselessness {unknown}
 q - a scroll of fog {unknown}
Potions
 e - a potion of might
 i - a potion of heal wounds {unknown}
 p - a potion of agility {unknown}
Books
 h - a book of Hinderance

   Spells                             Type                      Level
   a - Confusing Touch                Hexes                        2
   b - Confuse                        Hexes                        3
   c - Petrify                        Transmutation/Earth          4
   d - Metabolic Englaciation         Hexes/Ice                    5
   e - Gell's Gravitas                Hexes/Translocation          3
   f - Summon Mana Viper              Hexes/Summoning              5
Comestibles
 d - 2 bread rations
 o - 2 beef jerkies
 r - a meat ration


   Skills:
 - Level 3.0 Fighting
 * Level 3.6 Axes
 - Level 2.1 Armour
 - Level 2.1 Shields


You had 2 spell levels left.
You didn't know any spells.

Dungeon Overview and Level Annotations

Branches:
Dungeon (2/15)

Altars:


Innate Abilities, Weirdness & Mutations

You have hooves in place of feet.
Armour fits poorly on your strangely shaped body.
You cover ground very quickly.
You have extremely tough skin (AC +3).


Message History

The gnoll hits you from afar with a spear.
A gnoll comes into view. It is wielding a flail.
The gnoll moves out of view.
You see here a kobold corpse.
You barely miss the gnoll. The gnoll hits you with a club.
You block the gnoll's attack. The gnoll hits you but does no damage.
The gnoll hits you from afar with a spear.
* * * LOW HITPOINT WARNING * * *
You closely miss the gnoll. You kick the gnoll.
The gnoll is lightly wounded.
The gnoll hits you but does no damage. x2
You completely miss the gnoll.
The gnoll is lightly wounded.
The gnoll hits you but does no damage. You block the gnoll's attack.
You hit the gnoll. Your kick misses the gnoll.
The gnoll is moderately wounded.
The gnoll hits you from afar with a spear.
* * * LOW HITPOINT WARNING * * *
The gnoll hits you with a club.
You die...

......###...
#######........#
#..............#
#.............<#.#
#..............#>#.#
#...................
#...............##.###
#######'#.....####.#..
#.g@.#..........#.#
#g####....#####.#.# #)#
###+#'#####.#.# .g)
#...........#.##
....##...............
.....##..........+....
...[..##..........####.
###+#####..........# #.
#..........# #.


You could see 2 gnolls.

Vanquished Creatures
  An adder (D:2)
  A gnoll (D:2)
  2 worms
  A giant cockroach (D:2)
  4 goblins (D:1)
  4 hobgoblins (D:1)
  5 bats
  A giant newt (D:2)
  A kobold (D:2)
  2 rats (D:1)
22 creatures vanquished.

Notes
Turn   | Place    | Note
--------------------------------------------------------------
     0 | D:1      | Radiman, the Centaur Fighter, began the quest for the Orb.
     0 | D:1      | Reached XP level 1. HP: 19/19 MP: 1/1
   162 | D:1      | Reached XP level 2. HP: 24/26 MP: 2/2
   755 | D:2      | Reached XP level 3. HP: 20/31 MP: 3/3
  1021 | D:2      | Slain by a gnoll

Action                   || total
-------------------------++-------
Melee: War axe           ||    78
